 Dungeon Crawl Stone Soup version 0.29.1-1-gd02db69 (webtiles) character file.

Game seed: 13927342303373791155

2678 Dorkslayer the Covered (level 9, -2/72 HPs)
             Began as a Human Fighter on Oct 25, 2022.
             Slain by an ogre
             ... wielding a +0 giant club
              (21 damage)
             ... on level 6 of the Dungeon.
             The game lasted 00:17:13 (6593 turns).

Dorkslayer the Covered (Human Fighter)              Turns: 6593, Time: 00:17:13

Health: -2/72      AC: 16    Str: 23    XL:     9   Next: 95%
Magic:  18/18      EV:  8    Int:  9    God:
Gold:   315        SH:  6    Dex: 14    Spells: 8/8 levels left

rFire   . . .      SeeInvis .   a - +1 long sword
rCold   . . .      Faith    .   c - +0 buckler
rNeg    . . .      Spirit   .   l - +0 plate armour
rPois   .          Reflect  .   k - +0 helmet
rElec   .          Harm     .   (no cloak)
rCorr   .          Rampage  .   (no gloves)
Will    +....                   u - +0 pair of boots "Earthly Heaven" {Will+ Str+4}
Stlth   ..........              o - amulet of magic regeneration
HPRegen 0.22/turn               g - ring of magical power
MPRegen 0.56/turn               (no ring)

@: no status effects
A: no striking features
a: no special abilities


You were on level 6 of the Dungeon.
You visited 1 branch of the dungeon, and saw 6 of its levels.

You collected 315 gold pieces.

Inventory:

Hand Weapons
 a - a +1 long sword (weapon)
Missiles
 p - 6 throwing nets (quivered)
Armour
 c - a +0 buckler (worn)
 k - a +0 helmet (worn)
 l - a +0 plate armour (worn)
 u - the +0 pair of boots "Earthly Heaven" (worn) {Will+ Str+4}
   (You found it on level 5 of the Dungeon)

   Str:       It affects your strength (+4).
   Will:      It increases your willpower.
Jewellery
 g - a ring of magical power (left hand)
 n - an amulet of faith
 o - an amulet of magic regeneration (around neck)
Wands
 e - a wand of polymorph (1)
 m - a wand of charming (2)
Scrolls
 d - 4 scrolls of teleportation
 h - a scroll of blinking
 i - a scroll of enchant armour {unknown}
 j - 2 scrolls of vulnerability {unknown}
 q - a scroll of immolation {unknown}
 r - 2 scrolls of magic mapping
Potions
 b - a potion of cancellation
 s - a potion of mutation
 t - a potion of magic


   Skills:
 * Level 7.4 Fighting
 + Level 7.4 Long Blades
 * Level 0.7 Throwing
 * Level 7.6 Armour
 - Level 5.2 Dodging
 + Level 0.9 Stealth
 * Level 6.9 Shields
 * Level 2.8 Evocations


You had 8 spell levels left.
You didn't know any spells.
Your spell library contained the following spells:

 Spells                   Type           Power      Damage    Failure   Level
 Gell's Gravitas          Tloc           0%         N/A       100%        3
 Inner Flame              Hex/Fire       0%         N/A       100%        3
 Lesser Beckoning         Tloc           0%         N/A       100%        3
 Ozocubu's Armour         Ice            0%         N/A       100%        3
 Teleport Other           Tloc           0%         N/A       100%        3
 Cause Fear               Hex            0%         N/A       100%        4
 Metabolic Englaciation   Hex/Ice        0%         N/A       100%        5
 Summon Forest            Summ/Tloc      0%         N/A       100%        5
 Eringya's Noxious Bog    Tmut/Pois      0%         N/A       100%        6
 Simulacrum               Ice/Necr       0%         N/A       100%        6
 Summon Hydra             Summ           0%         N/A       100%        7
 Discord                  Hex            0%         N/A       100%        8


Dungeon Overview and Level Annotations

Branches:
Dungeon (6/15)
 Temple: D:4-7

Altars:
Ashenzari
Wu Jian

Shops:
D:1 (   D:3 =   D:5 :[


Message History

Aiming: Charm
Press: ? - help, Shift-Dir - straight line, f - ogre
Aim: an ogre, wielding a +0 giant club (moderately wounded, chance to affect: 55%)
The ogre is charmed.
You feel better. The sky beast barely misses your ogre.
Okay, then.
The sky beast hits you.
* * * LOW HITPOINT WARNING * * *
The sky beast shocks you.
* * * LOW HITPOINT WARNING * * *
Things that are here:
a +0 hand axe; a +0 leather armour Unknown command.
You slash the sky beast!
The sky beast is moderately wounded.
The sky beast closely misses you.
Your ogre hits the sky beast with a +0 giant club!
You slash the sky beast!
You kill the sky beast!
You slash the orc priest!
The orc priest is heavily wounded.
Your ogre barely misses the orc priest.
The orc priest barely misses you.
The orc priest hits you but does no damage.
You slash the orc priest!
You kill the orc priest!
Your ogre misses the orc. The orc hits you but does no damage.
The orc hits your ogre with a +0 hand axe.
You barely miss the orc. The orc hits you but does no damage.
The orc hits your ogre with a +0 hand axe.
Your ogre hits the orc with a +0 giant club!!
The orc dies!
There is an open door, spattered with blood here.
Items here: ))))))) [[ ††††††.
You start resting.
The ogre is no longer charmed.
The ogre closely misses you.
You slash the ogre!
The ogre is almost dead.
The ogre hits you with a +0 giant club!!
You die...

###^....##..>
'........... #...........
#....>...... #.........
######......#
#########)..##......##..
#.?....+.....#...........
#......#....)#@..........
#......#....)O)..........
#......#....##......##...
#......#....##......# ..
#......#....#........# .
#......##...##.......#
##.....##...##.......#
#......##.#'#........#
#<........'_).........


You could see an ogre.

Vanquished Creatures
  5 yaks (D:4)
  2 water moccasins
  An orc warrior (D:5)
  A sky beast (D:6)
  An ogre (D:6)
  A wolf (D:4)
  2 phantoms (D:5)
  A necrophage (D:5)
  2 gnoll sergeants
  A scorpion (D:6)
  11 hounds
  An orc priest (D:6)
  2 gnoll boudas (D:5)
  Terence (D:2)
  3 iguanas
  2 orc wizards (D:6)
  21 gnolls
  A river rat (D:5)
  5 adders
  A white imp (D:4)
  2 worms
  3 dart slugs
  8 orcs
  4 bats
  3 endoplasms
  2 giant cockroaches
  11 hobgoblins
  13 jackals
  4 quokkas
  4 ball pythons
  4 frilled lizards
  10 goblins
  5 kobolds
  4 rats
142 creatures vanquished.

Vanquished Creatures (collateral kills)
  A gnoll bouda (D:5)
  An orc (D:6)
2 creatures vanquished.

Vanquished Creatures (others)
  An orc (D:6)
1 creature vanquished.

Grand Total: 145 creatures vanquished

Notes
Turn   | Place    | Note
-------+----------+-------------------------------------------
     0 | D:1      | Dorkslayer the Human Fighter began the quest for the Orb.
     0 | D:1      | Reached XP level 1. HP: 18/18 MP: 1/1
   205 | D:1      | Reached XP level 2. HP: 17/24 MP: 2/2
   394 | D:1      | Found Xeuwah's Weapon Boutique.
   772 | D:2      | Reached XP level 3. HP: 21/29 MP: 3/3
  1020 | D:2      | Noticed Terence
  1032 | D:2      | Killed Terence
  1033 | D:2      | Reached skill level 1 in Dodging
  1033 | D:2      | Reached XP level 4. HP: 18/35 MP: 4/4
  1626 | D:3      | Reached skill level 5 in Long Blades
  1626 | D:3      | Reached skill level 5 in Dodging
  1626 | D:3      | Reached XP level 5. HP: 46/46 MP: 5/5
  1663 | D:3      | Found Zuthumot's One-of-a-Kind Rings.
  2379 | D:3      | Reached XP level 6. HP: 52/52 MP: 6/6
  2771 | D:4      | Noticed a yak
  2771 | D:4      | Noticed a yak
  2772 | D:4      | Noticed a yak
  2775 | D:4      | Noticed a yak
  2777 | D:4      | Noticed a yak
  3193 | D:5      | Entered Level 5 of the Dungeon
  3196 | D:5      | Noticed a water moccasin
  3204 | D:5      | Killed a water moccasin
  3205 | D:5      | Reached XP level 7. HP: 58/58 MP: 7/7
  3565 | D:5      | HP: 1/59 [wolf (6)]
  3838 | D:4      | Reached skill level 1 in Evocations
  3845 | D:4      | Reached XP level 8. HP: 33/65 MP: 8/8
  4477 | D:5      | Found Fazuly's Self-Improvement Boutique.
  4534 | D:5      | HP: 1/65 [orc warrior/+0 glaive (16)]
  4955 | D:5      | Found Ijodib's Armour Boutique.
  5714 | D:5      | Reached XP level 9. HP: 70/71 MP: 9/9
  5720 | D:5      | Identified the +0 pair of boots "Earthly Heaven" {Will+
                  | Str+4}
  6390 | D:6      | Found an ornate altar of the Wu Jian Council.
  6458 | D:6      | Found a broken altar of Ashenzari.
  6593 | D:6      | Slain by an ogre

Illustrated notes

Levels and vault maps discovered:
D:1:      psy_arrival_dodecagon, layout_rooms, serial_shops, shop,
          grunt_decor_mini_mirrors, minmay_misc_feat_plants
D:2:      layout_rooms, uniq_terence
D:3:      layout_basic, nicolae_shop_unique_rings, minmay_goblin_outpost
D:4:      layout_cave_pools
D:5:      layout_cave_pools, serial_gnoll_camp, gnoll_camp_mini_hut,
          gnoll_camp_mini_house, gnoll_camp_huts_basic, gnoll_camp_medium_02,
          gup_sewer_entry_bowl, serial_shops, shop, nicolae_shop_self_help
D:6:      gammafunk_cloud_chamber, layout_gridville,
          nicolae_wu_jian_wuxing_cycle, kennysheep_mini,
          minmay_temple_entry_poolview

Skill      XL: |  1  2  3  4  5  6  7  8  9 |
---------------+----------------------------+-----
Dodging        | 1 5 |  5.2
Fighting       | 6 7 |  7.4
Long Blades    | 5 6 7 |  7.4
Armour         | 6 7 |  7.6
Shields        | 6 |  6.9
Evocations     | 1 2 |  2.8
Throwing       | |  0.7
Stealth        | |  0.9

Action                   |  1- 3 |  4- 6 |  7- 9 || total
-------------------------+-------+-------+-------++-------
Melee: Long sword        |    73 |   206 |   312 ||   591
Evoke: Wand              |       |       |    19 ||    19
  Use: Potion            |     1 |     5 |     6 ||    12
       Scroll            |       |     8 |     5 ||    13
 Stab: Invisible         |       |       |     4 ||     4
       Distracted        |       |       |     1 ||     1
Armor: Scale mail        |    28 |   138 |    48 ||   214
       Skin              |       |    14 |       ||    14
       Plate armour      |       |       |   129 ||   129
Dodge: Dodged            |    31 |   157 |   140 ||   328
Block: Buckler           |    17 |    91 |    89 ||   197
